 Dungeon Crawl Stone Soup version 0.27-a0-1299-g1ab19c6527 (webtiles) character file.

Game seed: 10409736836326885352

501 pkoi the Grappler (level 6, -5/51 HPs)
             Began as a Draconian Monk on June 16, 2021.
             Slain by Edmund (6 damage)
             ... on level 5 of the Dungeon.
             The game lasted 00:04:44 (5221 turns).

pkoi the Grappler (Draconian Monk)                  Turns: 5221, Time: 00:04:45

Health: -5/51      AC:  6    Str: 15    XL:     6   Next: 95%
Magic:  6/6        EV: 12    Int: 10    God:
Gold:   272        SH:  0    Dex: 14    Spells: 5/5 levels left

rFire    . . .     SeeInvis .     - Unarmed
rCold    . . .     Faith    .   (no shield)
rNeg     . . .     Spirit   .   (armour unavailable)
rPois    .         Reflect  .   (helmet restricted)
rElec    .         Harm     .   (no cloak)
rCorr    .         Rampage  .   (no gloves)
Will     .....                  (no boots)
Stlth    ++........             (no amulet)
HPRegen  0.17/turn              (no ring)
MPRegen  0.10/turn              (no ring)

@: flying
A: AC +6, unfitting armour, cold-blooded
a: no special abilities


You were on level 5 of the Dungeon.
You visited 1 branch of the dungeon, and saw 5 of its levels.
You also visited: Ossuary.

You collected 272 gold pieces.

Inventory:

Missiles
 d - 17 poisoned darts (quivered)
 f - a throwing net
Jewellery
 i - a ring of flight
Scrolls
 e - a scroll of summoning {unknown}
 g - 2 scrolls of identify
 k - 5 scrolls of teleportation
 l - 2 scrolls of fog {unknown}
 n - a scroll of enchant weapon
 o - 2 scrolls of vulnerability {unknown}
Potions
 a - 3 potions of brilliance {unknown}
 b - 7 potions of curing {unknown}
 c - a potion of heal wounds {unknown}
 h - a potion of resistance {unknown}
 m - a potion of magic


   Skills:
 - Level 3.2 Fighting
 - Level 2.6 Dodging
 - Level 1.7 Stealth
 + Level 8.0 Unarmed Combat


You had 5 spell levels left.
You didn't know any spells.
Your spell library was empty.

Dungeon Overview and Level Annotations

Branches:
Dungeon (5/15)            Ossuary (visited)
 Temple: D:4-7

Altars:
Fedhas
Nemelex Xobeh

Annotations:
D:4 Dowan, Duvessa, Sigmund
D:5 Edmund


Innate Abilities, Weirdness & Mutations

Your plain brown scales are hard. (AC +6)
You cannot fit into any form of body armour.
You are cold-blooded and may be slowed by cold attacks.


Message History

You barely miss the sky beast.
The sky beast is almost dead.
The sky beast misses you.
You hit the sky beast.
You kill the sky beast!
Your Unarmed Combat skill increases to level 8!
You closely miss Edmund.
Edmund hits you with a +4 flail of holy wrath.
You barely miss Edmund.
Edmund hits you with a +4 flail of holy wrath!
You punch Edmund!
Edmund is lightly wounded.
Edmund closely misses you.
You barely miss Edmund.
Edmund is lightly wounded.
You hit Edmund.
Edmund is moderately wounded.
Edmund hits you with a +4 flail of holy wrath.
You are too injured to fight recklessly!
You are too injured to fight recklessly!
You are too injured to fight recklessly!
You closely miss Edmund.
Edmund is moderately wounded.
Edmund hits you with a +4 flail of holy wrath.
You hit Edmund.
Your tail-slap misses Edmund.
Edmund is moderately wounded.
Edmund hits you with a +4 flail of holy wrath!
* * * LOW HITPOINT WARNING * * *
You hit Edmund.
Edmund is moderately wounded.
Edmund misses you.
You hit Edmund.
Edmund is heavily wounded.
Edmund hits you with a +4 flail of holy wrath!
* * * LOW HITPOINT WARNING * * *
It was a potion of flight.
You feel very buoyant.
You fly up into the air.
Edmund hits you with a +4 flail of holy wrath.
You die...

..
###.........
..# #......o#
...# #.#.....#
....##.#.....#
.............#
..###....#####
#.#....#
###.###..# #
#@@o..#..#
#.###.###..#
#.. #.#....#
#...#'#....#
#.....o....#
######.....#
#######


You could see Edmund and an orc.

Vanquished Creatures
  A sky beast (D:5)
  An elf zombie (Ossuary)
  A wyvern zombie (D:3)
  2 centaur zombies (Ossuary)
  A human zombie (Ossuary)
  2 mummies (Ossuary)
  7 adders
  An adder zombie (Ossuary)
  3 dart slugs
  3 orcs
  4 endoplasms
  2 giant cockroaches (D:2)
  5 goblins
  10 hobgoblins
  8 jackals
  4 quokkas
  3 bats
  A frilled lizard (D:2)
  11 hobgoblin zombies (Ossuary)
  2 jackal zombies (Ossuary)
  8 kobolds
  7 kobold zombies (Ossuary)
  10 orc zombies (Ossuary)
  12 rats
  A rat zombie (Ossuary)
110 creatures vanquished.

Notes
Turn   | Place    | Note
-------+----------+-------------------------------------------
     0 | D:1      | pkoi the Draconian Monk began the quest for the Orb.
     0 | D:1      | Reached XP level 1. HP: 19/19 MP: 1/1
   344 | D:1      | Reached XP level 2. HP: 19/26 MP: 2/2
   851 | D:1      | Found a faded altar of an unknown god.
  1210 | D:2      | Reached skill level 4 in Unarmed Combat
  1244 | D:2      | Reached XP level 3. HP: 27/31 MP: 3/3
  1906 | D:2      | Reached skill level 5 in Unarmed Combat
  1906 | D:2      | Reached XP level 4. HP: 38/38 MP: 4/4
  2603 | D:3      | Found a blossoming altar of Fedhas.
  2724 | D:3      | Reached XP level 5. HP: 5/45 MP: 5/5
  3134 | D:3      | Reached skill level 6 in Unarmed Combat
  3227 | D:3      | Found a sparkling altar of Nemelex Xobeh.
  4066 | D:4      | Noticed Duvessa
  4066 | D:4      | Noticed Dowan
  4154 | D:4      | Noticed Sigmund
  4246 | D:5      | Entered Level 5 of the Dungeon
  4266 | D:5      | Noticed Edmund
  4266 | D:5      | Noticed a sky beast
  4283 | D:5      | Found a sand-covered staircase.
  4288 | Ossuary  | Entered an ossuary
  4525 | Ossuary  | Reached XP level 6. HP: 14/51 MP: 6/6
  4537 | Ossuary  | Reached skill level 7 in Unarmed Combat
  5211 | D:5      | Killed a sky beast
  5212 | D:5      | Reached skill level 8 in Unarmed Combat
  5220 | D:5      | HP: 1/51 [Edmund (7)]
  5221 | D:5      | Slain by Edmund

Illustrated notes

Levels and vault maps discovered:
D:1:      ebering_trefoil_twist, layout_basic,
          shapermc_ecumenical_altar_mp_ritualfount, wad_floor_pattern_2
D:2:      wad_crossroads, layout_loops_corners, minmay_indecisive_spiral
D:3:      layout_basic, amcnicky_altar_gilded, nemelex_altar_shiori
D:4:      layout_cave_pools, lemuel_doored_altar, serial_column_ruins,
          column_ruins_corridor_straight, column_ruins_grid_1,
          column_ruins_open_small, column_ruins_grid_1,
          column_ruins_columns_straight, column_ruins_grid_1, uniq_duvessa,
          uniq_sigmund
D:5:      layout_basic, nicolae_ossuary_entry_plus, nicolae_shop_clearance,
          uniq_edmund

Skill      XL: |  1  2  3  4  5  6 |
---------------+-------------------+-----
Unarmed Combat | 4 5 6 8 |  8.0
Fighting       | |  3.2
Dodging        | |  2.6
Stealth        | |  1.7

Action                   |  1- 3 |  4- 6 || total
-------------------------+-------+-------++-------
Melee: Unarmed           |   118 |   280 ||   398
       Tailslap          |     9 |    42 ||    51
       Punch             |     3 |     8 ||    11
  Use: Scroll            |       |     4 ||     4
       Potion            |       |     1 ||     1
 Stab: Sleeping          |     6 |     7 ||    13
Armor: Skin              |    35 |   101 ||   136
Dodge: Dodged            |    70 |   187 ||   257

Table legend: (Time is in decaauts)
 A = Elapsed time spent in this place.
 B = Non-inter-level travel time spent in this place.
 C = Inter-level travel time spent in this place.
 D = Time resting spent in this place.
 E = Time spent auto-exploring this place.
 F = Levels seen in this place.
 G = Mean time per level.
                   A        B        C        D        E       F      G
               +--------+--------+--------+--------+--------+-----+--------+
         Total |   5184 |   4927 |    257 |   1076 |   2863 |   6 |  864.0 |
       Dungeon |   4292 |   4035 |    257 |    722 |   2686 |   5 |  858.4 |
       Ossuary |    892 |    892 |      0 |    354 |    177 |   1 |  892.0 |
               +--------+--------+--------+--------+--------+-----+--------+

Top non-repeatable levels by time:
     D:3: 1588 daAuts
     D:2: 1241 daAuts
     D:1: 1168 daAuts
 Ossuary: 892 daAuts
     D:4: 231 daAuts
     D:5: 63 daAuts
